 Seeded DCSS version 0.30.0-29-ga12c61a403 (webtiles) character file.

Game seed: 12761088383327235403 (custom seed)

1409 RascalDebosk the Magician (level 9, -10/62 HPs)
             Began as a Djinni Conjurer on June 4, 2023.
             Killed from afar by a gargoyle (14 damage)
             ... with a stone arrow
             ... on level 5 of the Dungeon.
             The game lasted 00:35:58 (4638 turns).

RascalDebosk the Magician (Djinni Conjurer)         Turns: 4638, Time: 00:35:58

Health: -10/62     AC:  9    Str:  6    XL:     9   Next: 1%
Gold:   650        EV: 13    Int: 26    God:
                   SH:  0    Dex: 13

rFire   + + .        o - +0 scimitar (vamp)
rCold   x . .        (no shield)
rNeg    . . .        t - +2 robe {Will+}
rPois   ∞            m - +2 helmet {Int+3}
rElec   .            w - +0 cloak
rCorr   .            l - +0 pair of gloves {hurl}
SInv    .            (boots unavailable)
Will    +....        (no amulet)
Stlth   ++           (no ring)
HPRegen 0.30/turn    (no ring)
MPRegen 0.00/turn

%: infuse magic (-11 HP)
@: flying
A: sickness immunity, fire resistance 2, cold vulnerability 1, float, innate
caster, HP casting, extra vitality 1
a: no special abilities


You were on level 5 of the Dungeon.
You visited 1 branch of the dungeon, and saw 5 of its levels.

You collected 1130 gold pieces.
You spent 480 gold pieces at shops.

Inventory:

Hand Weapons
 o - a +0 vampiric scimitar (weapon)
Armour
 l - a +0 pair of gloves of hurling (worn)
 m - a +2 helmet of intelligence (worn)
 t - a +2 robe of willpower (worn)
 w - a +0 cloak (worn)
Wands
 a - a wand of digging (2)
 j - a wand of polymorph (9)
Scrolls
 b - 5 scrolls of identify {unknown}
 f - 2 scrolls of immolation
 h - a scroll of vulnerability {unknown}
 i - a scroll of fear {unknown}
 n - 2 scrolls of silence {unknown}
 q - a scroll of torment {unknown}
 s - a scroll of poison {unknown}
 u - a scroll of brand weapon
 v - 2 scrolls of teleportation {unknown}
Potions
 c - a potion of brilliance {unknown}
 d - 3 potions of mutation {unknown}
 e - a potion of attraction {unknown}
 g - a potion of lignification {unknown}
 k - a potion of haste {unknown}
 p - a potion of degeneration {unknown}
 r - a potion of flight {unknown}
 x - a potion of curing {unknown}


   Skills:
 + Level 4.1 Fighting
 + Level 4.5 Dodging
 + Level 3.6 Stealth
 * Level 6.6 Spellcasting
 - Level 2.0 Evocations


You knew the following spells:

 Your Spells              Type           Power      Damage    Failure   Level
a - Magic Dart            Conj           100%       1d8       1%          1
b - Searing Ray           Conj           86%        2d7       1%          2
c - Dazzling Flash        Conj/Hex       86%        N/A       1%          3
d - Fulminant Prism       Conj/Hex       21%        3d12      4%          4
e - Iskenderun's Mystic   Conj/Tloc      43%        2d10      4%          4
f - Slow                  Hex            100%       N/A       1%          1
g - Passwall              Tmut/Erth      35%        N/A       1%          2
h - Spider Form           Tmut/Pois      43%        N/A       1%          3
i - Teleport Other        Tloc           43%        N/A       1%          3
Your spell library was empty.

Dungeon Overview and Level Annotations

Branches:
Dungeon (5/15)             Temple (0/1) D:5

Altars:
Nemelex Xobeh
Xom

Shops:
D:2 [

Annotations:
D:5 4 runed translucent doors


Innate Abilities, Weirdness & Mutations

You are immune to sickness and miasma.
You are immune to poison.
Your flesh is very heat resistant. (rF++)
You are vulnerable to cold. (rC-)
You float through the air rather than walking.
You learn spells naturally, not from books.
Your magical power is your life essence.
You have superior vitality. (+4 MHP)


Message History

A fulminant prism comes into view.
Casting: Fulminant Prism (dangerous; 4% risk of failure)
Confirm with . or Enter, or press ? or * to list all spells.
You erupt in a blast of force!
The mystic blast hits the gargoyle.
The gargoyle is lightly damaged.
The gargoyle is knocked back by the mystic blast.
The gargoyle slams into the rock wall!
You hear an angry hiss.
The gargoyle closely misses you.
Casting: Iskenderun's Mystic Blast (dangerous; 4% risk of failure)
Confirm with . or Enter, or press ? or * to list all spells.
You erupt in a blast of force!
The mystic blast hits the gargoyle but does no damage.
The gargoyle is lightly damaged.
The gargoyle closely misses you.
Casting: Iskenderun's Mystic Blast (dangerous; 4% risk of failure)
Confirm with . or Enter, or press ? or * to list all spells.
You erupt in a blast of force!
The mystic blast hits the gargoyle but does no damage.
The gargoyle is lightly damaged.
The gargoyle hits you with a +0 flail!
Casting: Iskenderun's Mystic Blast (dangerous; 4% risk of failure)
Confirm with . or Enter, or press ? or * to list all spells.
You erupt in a blast of force!
The mystic blast hits the gargoyle but does no damage.
The gargoyle is lightly damaged.
* * * LOW HITPOINT WARNING * * *
The gargoyle closely misses you.
Casting: Iskenderun's Mystic Blast (dangerous; 4% risk of failure)
Confirm with . or Enter, or press ? or * to list all spells.
You erupt in a blast of force!
The mystic blast hits the gargoyle.
The gargoyle is moderately damaged.
The gargoyle is knocked back by the mystic blast.
The gargoyle slams into the rock wall!
* * * LOW HITPOINT WARNING * * *
Casting: Iskenderun's Mystic Blast (dangerous; 4% risk of failure)
Confirm with . or Enter, or press ? or * to list all spells.
You erupt in a blast of force!
The mystic blast hits the gargoyle but does no damage.
The gargoyle is moderately damaged.
* * * LOW HITPOINT WARNING * * *
You hear an angry hiss.
The gargoyle hurls a stone arrow at you.
The stone arrow misses you.
Casting: Iskenderun's Mystic Blast (dangerous; 4% risk of failure)
Confirm with . or Enter, or press ? or * to list all spells.
You erupt in a blast of force!
The mystic blast hits the gargoyle but does no damage.
The gargoyle is lightly damaged.
* * * LOW HITPOINT WARNING * * *
The gargoyle hits you with a +0 flail.
* * * LOW HITPOINT WARNING * * *
Aiming: Polymorph
Press: ? - help, Shift-Dir - straight line, f - gargoyle
Aim: a gargoyle, wielding a +0 flail (lightly damaged, not susceptible)
The gargoyle is unaffected.
The gargoyle hurls a stone arrow at you.
The stone arrow misses you.
Aiming: Dig
Press: ? - help, Shift-Dir - straight line, f/p - gargoyle
Aim: a gargoyle, wielding a +0 flail (lightly damaged, 100% to hit)
The rock shatters into small pieces.
An adder comes into view.
The adder hisses angrily.
The gargoyle barely misses you.
Aiming: Dig
Press: ? - help, Shift-Dir - straight line, f/p - gargoyle
Aim: a gargoyle, wielding a +0 flail (lightly damaged, 100% to hit)
Digging in that direction won't affect any walls.
Okay, then.
Casting: Iskenderun's Mystic Blast (dangerous; 4% risk of failure)
Confirm with . or Enter, or press ? or * to list all spells.
Aiming: Teleport Other (safe; 1% risk of failure)
Press: ? - help, Shift-Dir - straight line, f/p - gargoyle
Aim: a gargoyle, wielding a +0 flail (lightly damaged, chance to affect: 62%)
The gargoyle resists with significant effort.
* * * LOW HITPOINT WARNING * * *
The gargoyle hurls a stone arrow at you.
The stone arrow misses you.
Casting: Teleport Other (safe; 1% risk of failure)
Confirm with . or Enter, or press ? or * to list all spells.
Aiming: Teleport Other (safe; 1% risk of failure)
Press: ? - help, Shift-Dir - straight line, f/p - gargoyle
Aim: a gargoyle, wielding a +0 flail (lightly damaged, chance to affect: 62%)
The gargoyle resists with significant effort.
* * * LOW HITPOINT WARNING * * *
The gargoyle hits you with a +0 flail!
* * * LOW HITPOINT WARNING * * *
Casting: Teleport Other (safe; 1% risk of failure)
Confirm with . or Enter, or press ? or * to list all spells.
You don't have enough health to cast this spell.
Unknown command.
The gargoyle hurls a stone arrow at you.
The stone arrow misses you.
The komodo dragon hisses menacingly.
The gargoyle hurls a stone arrow at you.
The stone arrow misses you.
The gargoyle hurls a stone arrow at you.
The stone arrow hits you!
You die...

#########......#.###....##.....#
...............#.#...#####.....##
##...#########......#............
.....+.<.....#......#....########
##...###..##.#......#.....##
.#...........#......#......#
.#.#####............#......####
...# #..######..######.......#
#.## #.##8.:8##@# ##...#.##.# #.#
#.#8....8#.# ##..#.#.##.# #.#
#.+.....o+.###..##.#.##.# #.#
#.+......+.S...###.#.##.#
#.#####.#8....8#9...## #......#
#.#.....##8:.8##..#.# ###.######
#........######.....## ###.#.....
#....###'# #.###..# #.....####
##..##...### #.#.##.# #.........


You could see a gargoyle and an adder.

Vanquished Creatures
  Grinder (D:4)
  Sigmund (D:3)
  Duvessa (D:4)
  A black bear (D:4)
  An ogre (D:4)
  A centaur (D:5)
  Dowan (D:4)
  A howler monkey (D:5)
  4 jellies
  6 hounds
  3 iguanas (D:5)
  A sleepcap (D:4)
  Robin (D:2)
  5 gnolls
  8 adders
  3 worms
  A dart slug (D:1)
  6 orcs (D:4)
  6 endoplasms
  2 giant cockroaches (D:2)
  12 goblins
  4 hobgoblins (D:2)
  2 jackals (D:2)
  9 kobolds
  3 quokkas
  5 ball pythons
  4 bats
  3 frilled lizards
  4 rats
100 creatures vanquished.

Vanquished Creatures (others)
  11 fulminant prisms
11 creatures vanquished.

Grand Total: 111 creatures vanquished

Notes
Turn   | Place    | Note
-------+----------+-------------------------------------------
     0 | D:1      | RascalDebosk the Djinni Conjurer began the quest for the
                  | Orb.
     0 | D:1      | RascalDebosk set off with the following spells memorised:
                  | Magic Dart, Searing Ray, Dazzling Flash, Fulminant Prism,
                  | Iskenderun's Mystic Blast.
     0 | D:1      | Reached XP level 1. HP: 15/15 MP: 0/0
   494 | D:1      | Reached XP level 2. HP: 20/21 MP: 0/0
   752 | D:1      | Reached XP level 3. HP: 8/25 MP: 0/0
   752 | D:1      | Learned a level 1 spell: Slow
   827 | D:2      | Reached skill level 4 in Spellcasting
   926 | D:2      | Found Bivvutos's Antique Armour Boutique.
  1197 | D:2      | Reached XP level 4. HP: 27/31 MP: 0/0
  1566 | D:2      | Noticed Robin
  1582 | D:2      | Killed Robin
  2033 | D:3      | Identified a scroll of acquirement
  2033 | D:3      | Acquired 938 gold pieces
  2066 | D:2      | Bought a pair of glowing gloves for 240 gold pieces
  2066 | D:2      | Bought a shiny helmet for 240 gold pieces
  2238 | D:3      | Reached XP level 5. HP: 32/36 MP: 0/0
  2238 | D:3      | Learned a level 2 spell: Passwall
  2348 | D:3      | Noticed Sigmund
  2414 | D:3      | Killed Sigmund
  2415 | D:3      | Reached skill level 1 in Fighting
  2415 | D:3      | Reached skill level 5 in Spellcasting
  2415 | D:3      | Reached skill level 1 in Evocations
  2415 | D:3      | Reached XP level 6. HP: 11/43 MP: 0/0
  2656 | D:3      | Found a shimmering altar of Xom.
  3016 | D:4      | Noticed Duvessa
  3023 | D:4      | Killed Duvessa
  3024 | D:4      | Reached XP level 7. HP: 23/49 MP: 0/0
  3024 | D:4      | Learned a level 3 spell: Spider Form
  3026 | D:4      | Noticed Dowan
  3249 | D:4      | Killed Dowan
  3381 | D:4      | Noticed Grinder
  3545 | D:4      | Paralysed by Grinder for 3 turns
  3548 | D:4      | Killed Grinder
  3549 | D:4      | Reached skill level 6 in Spellcasting
  3549 | D:4      | Reached XP level 8. HP: 43/56 MP: 0/0
  3828 | D:5      | Entered Level 5 of the Dungeon
  3862 | D:5      | Found a sparkling altar of Nemelex Xobeh.
  4054 | D:5      | Found a large runed translucent door.
  4055 | D:5      | Found a large runed translucent door.
  4057 | D:5      | Found a large runed translucent door.
  4057 | D:5      | Found a large runed translucent door.
  4059 | D:5      | Noticed a komodo dragon
  4184 | D:5      | Found a staircase to the Ecumenical Temple.
  4509 | D:5      | Reached XP level 9. HP: 56/62 MP: 0/0
  4509 | D:5      | Learned a level 3 spell: Teleport Other
  4612 | D:5      | Noticed a gargoyle
  4630 | D:5      | HP: 2/62 [gargoyle/+0 flail (9)]
  4638 | D:5      | Killed from afar by a gargoyle

Illustrated notes

Levels and vault maps discovered:
D:1:      kennysheep_arrival_forest, layout_loops_ring, wad_floor_pattern_1
D:2:      layout_basic, serial_shops, nicolae_shop_behind_doors, serial_bayou,
          serial_bayou_shore_a, serial_bayou_lake_a, serial_bayou_crossing,
          serial_bayou_pond_e, uniq_robin
D:3:      layout_loops_ring, gammafunk_temple_overflow_statue, uniq_sigmund
D:4:      layout_gridville, cheibrodos_gnoll_hut, uniq_duvessa, uniq_grinder
D:5:      layout_basic, nemelex_altar_shiori, overflow_temple_1_default,
          minmay_temple_entry_from_below_a, minmay_hollow_rounded_squares

Skill      XL: |  1  2  3  4  5  6  7  8 |
---------------+-------------------------+-----
Spellcasting   | 4 5 6 |  6.6
Fighting       | 1 2 3 4 |  4.1
Evocations     | 1 2 |  2.0
Stealth        | 2 3 |  3.6
Dodging        | 3 4 |  4.5

Action                     |  1- 3 |  4- 6 |  7- 9 || total
---------------------------+-------+-------+-------++-------
  Melee: Unarmed           |     1 |       |     3 ||     4
         Scimitar          |       |    14 |    10 ||    24
   Cast: Magic Dart        |    63 |    48 |    99 ||   210
         Searing Ray       |     1 |     5 |     3 ||     9
         Dazzling Flash    |     1 |       |       ||     1
         Fulminant Prism   |       |     8 |     3 ||    11
         Iskenderun's Myst |       |     5 |    16 ||    21
         Spider Form       |       |       |     1 ||     1
         Slow              |       |       |     1 ||     1
         Teleport Other    |       |       |     2 ||     2
  Evoke: Wand              |       |       |     2 ||     2
    Use: Scroll            |       |     3 |       ||     3
   Stab: Sleeping          |       |     2 |       ||     2
 Armour: Robe              |     3 |     6 |    17 ||    26
         Skin              |       |       |     4 ||     4
  Dodge: Dodged            |    18 |     8 |    55 ||    81
